 Dungeon Crawl Stone Soup version 0.20.1-1-g8b1a95d (webtiles) character file.

1070 dvd the Slasher (level 8, -4/63 HPs)
             Began as a Barachi Fighter on Sept 22, 2017.
             Killed by nerve-wracking pain
             ... invoked by an orc priest
              (11 damage)
             ... on level 4 of the Dungeon.
             The game lasted 00:08:33 (3511 turns).

dvd the Slasher (Barachi Fighter)                   Turns: 3511, Time: 00:08:34

Health: -4/63      AC:  8    Str: 19    XL:     8   Next: 28%
Magic:  8/8        EV:  9    Int:  8    God:
Gold:   150        SH: 10    Dex: 13    Spells: 7/7 levels left

rFire    . . .     SeeInvis .   a - +0 long sword
rCold    + . .     Gourm    .   c - +0 shield
rNeg     . . .     Faith    .   b - +0 scale mail
rPois    .         Spirit   .   v - +0 helmet
rElec    .         Reflect  .   i - scarf {cloud immunity}
rCorr    .         Harm     .   (no gloves)
MR       .....                  (no boots)
Stlth    ..........             (no amulet)
Regen    0.2/turn               q - ring of protection from cold
MPRegen  0.2/turn               (no ring)

@: slow
A: +LOS, swims, slowness 1, strong legs 1
a: Hop


You were on level 4 of the Dungeon.
You were not hungry.

You visited 1 branch of the dungeon, and saw 4 of its levels.

You collected 150 gold pieces.

Inventory:

Hand Weapons
 a - a +0 long sword (weapon)
 m - a +0 whip of flaming
Missiles
 t - a tomahawk of returning (quivered)
Armour
 b - a +0 scale mail (worn)
 c - a +0 shield (worn)
 i - a scarf of cloud immunity (worn)
 v - a +0 helmet (worn)
Jewellery
 q - a ring of protection from cold (left hand)
Wands
 l - a wand of confusion (16/48)
Scrolls
 e - 5 scrolls of identify
 g - 2 scrolls of amnesia {unknown}
 k - 2 scrolls of fog {unknown}
 n - 2 scrolls of remove curse
 r - a scroll of enchant armour {unknown}
 s - 2 scrolls of teleportation {unknown}
 u - a scroll of recharging {unknown}
 x - a scroll of random uselessness {unknown}
Potions
 d - 2 potions of degeneration {unknown}
 h - 2 potions of resistance {unknown}
 o - 2 potions of invisibility {unknown}
 p - a potion of curing {unknown}
 w - 2 potions of might
 A - a potion of mutation {unknown}
 C - 2 potions of berserk rage {unknown}
Comestibles
 f - 4 bread rations
 j - a meat ration
 z - 7 chunks of flesh
 B - 2 royal jellies


   Skills:
 + Level 5.5 Fighting
 + Level 6.7 Long Blades
 + Level 2.0 Throwing
 + Level 5.9 Armour
 + Level 2.5 Dodging
 + Level 0.6 Stealth
 + Level 5.9 Shields


You had 7 spell levels left.
You didn't know any spells.

Dungeon Overview and Level Annotations

Branches:
Dungeon (4/15)
 Temple: D:4-7

Altars:
Okawaru
Qazlal
The Shining One


Innate Abilities, Weirdness & Mutations

Shadows flee at your approach. (+LOS)
You can swim through water.
You cover ground slowly.
You can hop short distances.


Message History

The orc priest is almost dead.
You block the orc's attack.
The orc priest begins to cast a cantrip, but forgets the words!
Unknown command.
You hit the orc.
The orc is severely wounded.
The orc hits you but does no damage.
The orc priest calls down the wrath of Beogh upon you.
Pain shoots through your body!
* * * LOW HITPOINT WARNING * * *
Unknown command.
You hit the orc priest but do no damage.
The orc priest is almost dead.
The orc priest miscasts a cantrip.
The orc closely misses you.
You barely miss the orc priest.
The orc priest is almost dead.
The orc priest calls down the wrath of Beogh upon you.
Pain shoots through your body!
You die...

..# ##........## ..#
#..........############ ..####
#..............##.....##
.....####..........>...........##
####...##.......................#
###..............รท....[......#
##............)............#
####....)...........<.....#
#####......o@...............#
#.........(.o.p...>..))......
#.###....(................... #.#
#.(.#########..##......##
#.###(..################.....
#.......#....._##.........##.
##.......oolo...########..###.
##.......<# ### #...## #.
###....(....# #.# #.### ##


You could see an orc priest, an orc and a neutral freed slave (wandering).

Vanquished Creatures
  Pikel (D:3)
  Sigmund (D:2)
  2 slaves (D:3)
  A phantom (D:4)
  A scorpion (D:4)
  An orc priest (D:3)
  2 hounds
  An iguana (D:4)
  Natasha (thrice) (D:2)
  2 worker ants (D:4)
  A howler monkey zombie (D:4)
  A gnoll (D:4)
  3 adders
  An adder skeleton (D:4)
  7 worms (D:2)
  3 leopard geckos
  2 orcs (D:4)
  2 giant cockroaches
  7 goblins
  8 hobgoblins
  7 jackals
  9 kobolds
  2 quokkas
  2 ball pythons
  4 bats
  10 frilled lizards
  4 rats
88 creatures vanquished.

Vanquished Creatures (others)
  2 orc priests (D:4)
2 creatures vanquished.

Grand Total: 90 creatures vanquished

Notes
Turn   | Place    | Note
-------+----------+-------------------------------------------
     0 | D:1      | dvd the Barachi Fighter began the quest for the Orb.
     0 | D:1      | Reached XP level 1. HP: 18/18 MP: 1/1
    94 | D:1      | Reached XP level 2. HP: 23/25 MP: 2/2
   575 | D:1      | Reached XP level 3. HP: 26/30 MP: 3/3
  1166 | D:2      | Noticed Sigmund
  1264 | D:2      | Reached skill level 3 in Long Blades
  1264 | D:2      | Reached XP level 4. HP: 28/38 MP: 4/4
  1519 | D:2      | Killed Sigmund
  1519 | D:2      | Reached skill level 4 in Long Blades
  1519 | D:2      | Reached XP level 5. HP: 25/43 MP: 5/5
  1527 | D:2      | Reached XP level 6. HP: 30/49 MP: 6/6
  1711 | D:2      | Noticed Natasha
  1720 | D:2      | Killed Natasha
  1720 | D:2      | Reached skill level 1 in Dodging
  1789 | D:2      | Noticed Natasha
  1798 | D:2      | Killed Natasha
  1798 | D:2      | Reached skill level 5 in Armour
  1892 | D:2      | Noticed Natasha
  1905 | D:2      | Killed Natasha
  1923 | D:2      | Reached skill level 5 in Long Blades
  2047 | D:2      | Found a glowing golden altar of the Shining One.
  2598 | D:4      | Noticed Pikel
  2598 | D:4      | Noticed a slave
  2598 | D:4      | Noticed a slave
  2598 | D:4      | Noticed a slave
  2598 | D:4      | Noticed a slave
  2614 | D:3      | Killed a slave
  2780 | D:3      | Killed a slave
  2819 | D:3      | Killed Pikel
  2819 | D:3      | Reached skill level 5 in Fighting
  2819 | D:3      | Reached skill level 6 in Long Blades
  2819 | D:3      | Reached skill level 1 in Throwing
  2819 | D:3      | Reached skill level 5 in Shields
  2819 | D:3      | Reached XP level 7. HP: 40/56 MP: 7/7
  3006 | D:4      | Reached XP level 8. HP: 62/62 MP: 8/8
  3182 | D:4      | Found a stormy altar of Qazlal.
  3312 | D:4      | Found an iron altar of Okawaru.
  3511 | D:4      | Killed from afar by an orc priest

Skill      XL: |  1  2  3  4  5  6  7  8 |
---------------+-------------------------+-----
Fighting       | 4 5 |  5.5
Armour         | 4 5 |  5.9
Shields        | 4 5 |  5.9
Long Blades    | 3 4 6 |  6.7
Dodging        | 2 |  2.5
Throwing       | 1 2 |  2.0
Stealth        | |  0.6

Action                   |  1- 3 |  4- 6 |  7- 9 || total
-------------------------+-------+-------+-------++-------
Melee: Long sword        |   118 |   148 |    76 ||   342
Throw: Tomahawk          |       |    24 |    14 ||    38
       Javelin           |       |       |     4 ||     4
  Use: Potion            |       |     1 |       ||     1
       Scroll            |       |     2 |       ||     2
 Stab: Distracted        |       |       |     1 ||     1
  Eat: Chunk             |     2 |     5 |     3 ||    10
Armor: Scale mail        |    33 |    42 |    21 ||    96
Dodge: Dodged            |    28 |    46 |    31 ||   105
Block: Shield            |    50 |    73 |    23 ||   146
       Rpst.: Long sword |     3 |    16 |     9 ||    28
